Description

Classic - 1 Gate Expand into Zealot charge Push

IEM Katowice 2018

Classic vs Serral

Push at 4 min 30

VOD

https://www.youtube.com/watch?v=pdCzyVeAIg8

Replay - Classic v Serral: Game 1 - Acid Plant LE

Build Order

Get SALT Encoding   

  12  0:00  Probe  
  13  0:12  Probe  
  14  0:17  Pylon  
  14  0:24  Probe (Chrono Boost)  
  15  0:36  Probe (Chrono Boost)  
  15  0:37  Assimilator  
  16  0:44  Probe (Chrono Boost)  
  16  0:46  Gateway  
  17  0:51  Probe  
  18  1:03  Probe  
  19  1:15  Probe  
  20  1:23  Nexus  
  20  1:27  Probe  
  21  1:36  Cybernetics Core  
  21  1:39  Probe  
  22  1:44  Assimilator  
  22  1:50  Pylon  
  24  2:10  Adept (Chrono Boost)  Scout Ennemi base
  24  2:15  Twilight Council  
  26  2:20  Warp Gate  
  27  2:28  Stalker  Scout your B3 (Kill overlord)
  33  2:56  Robotics Facility  
  35  3:02  Charge  
  35  3:17  Gateway x3  
  35  3:26  Assimilator  
  35  3:30  Gateway x4  
  35  3:47  Warp Prism (Chrono Boost)  
  38  4:07  Pylon  
  38  4:20  Pylon x2  
  38  4:36  Zealot x8  
  54  5:04  Zealot x8  
Spawning Tool Build Advisor. Get it on Overwolf

Go to:

Details

  • Created by: OzZy02
  • Published on: Mar 10, 2018
  • Modified on: Mar 10, 2018
  • Patch: 4.0.0
Show
View Real Time Build Order
Export as new Build Order

Comments (4)

On March 30, 2018, 3:39 p.m., tembo  said:

Also worth mentioning the third assimilator was only added to bluff Serral. You wouldn't need it if replicating this build, unless you opponent is scouting the edge of your natural and good enough to figure out what's going.

On March 30, 2018, 1:44 p.m., RecklessTempest  said:

A note should be added to pull your probes off gas after charge starts (3:03 ish)

On March 24, 2018, 5:21 a.m., Gardial  said:

Game start at 16min45 : https://youtu.be/pdCzyVeAIg8?t=1003

On March 22, 2018, 5:57 a.m., hwaiting  said:

This is an all-in not a timing attack.

Create an account to comment!